[Event "Early-Titled-Tuesday-Blitz-February-27-2024"]
[Site "Chess.com"]
[Date "2024.02.27"]
[Round "1"]
[White "FredddieCroderg"]
[Black "1mbl4"]
[Result "1-0"]
[WhiteElo "2292"]
[BlackElo "2595"]
[TimeControl "180+1"]
[EndTime "8:06:07 PST"]
[Termination "FredddieCroderg won by resignation"]

1. e4 g6 2. h4 h6 3. h5 g5 4. d4 Bg7 5. c4 d6 6. Nc3 Nc6 7. Be3 e5 8. d5 Nd4 9. Be2 Ne7 10. Nf3 c5 11. dxc6 Nexc6 12. Nd5 O-O 13. Nxd4 Nxd4 14. Bxd4 exd4 15. Qd3 f5 16. O-O fxe4 17. Qxe4 Re8 18. Qd3 Be6 19. Bf3 Rc8 20. Rfe1 Bf7 21. Bg4 Rc5 22. Rxe8+ Qxe8 23. Kf1 b5 24. Re1 Qb8 25. Be6 Qf8 26. Qg6 Bxe6 27. Rxe6 Rxd5 28. cxd5 d3 29.
Re8 d2 30. Rxf8+ Kxf8 31. Ke2 Bxb2 32. Qxd6+ Kf7 33. Qe6+ Kg7 34. d6 1-0

[Event "Early-Titled-Tuesday-Blitz-February-27-2024"]
[Site "Chess.com"]
[Date "2024.02.27"]
[Round "1"]
[White "Mops_2004"]
[Black "NovakRatko"]
[Result "1-0"]
[WhiteElo "2835"]
[BlackElo "2469"]
[TimeControl "180+1"]
[EndTime "8:06:10 PST"]
[Termination "Mops_2004 won on time"]

1. g3 d5 2. Nf3 c5 3. Bg2 Nc6 4. d4 f6 5. c4 dxc4 6. d5 Na5 7. Nc3 e5 8. O-O a6 9. a4 Bg4 10. h3 Bh5 11. Nh4 g5 12. Nf5 Bg6 13. e4 Bd6 14. Ng7+ Kf7 15. Ne6 Qd7 16. f4 exf4 17. gxf4 Nb3 18.
e5 Nxa1 19. exd6 Nb3 20. f5 Nxc1 21. fxg6+ hxg6 22. Nxg5+ Kg7 23. Ne6+ Kh7 24. Qxc1 Qxd6 25. Qe1 Nh6 26. Ne4 Qe5 27. Nxf6+ 1-0

[Event "Early-Titled-Tuesday-Blitz-February-27-2024"]
[Site "Chess.com"]
[Date "2024.02.27"]
[Round "1"]
[White "Alina_Gumerovna"]
[Black "Pedrada88"]
[Result "0-1"]
[WhiteElo "2095"]
[BlackElo "2560"]
[TimeControl "180+1"]
[EndTime "8:06:10 PST"]
[Termination "Pedrada88 won on time"]

1. e4 c6 2. d4 d5 3. exd5 cxd5 4. Bd3 Nf6 5. h3 g6 6. Nf3 Bf5 7. O-O Bxd3 8. Qxd3 Bg7 9. Bg5 O-O 10. Re1 Nc6 11. c3 Rb8 12. a4 a6 13. Na3 Na5 14. b4 Nc6 15. b5 axb5 16. axb5 Na5 17. Bf4 Rc8 18.
Ne5 Ne4 19. Rac1 e6 20. c4 Nd6 21. c5 Nf5 22. g4 Nxd4 23. Qxd4 Nb3 24. Qd3 Nxc1 25.
Rxc1 Qa5 26. c6 Qb4 27. Nd7 Qxf4 28. Rc2 bxc6 29. Nxf8 Bxf8 30. bxc6 Qa4 31. Nb5 e5 32. Rc4 Qxc4 0-1

[Event "Early-Titled-Tuesday-Blitz-February-27-2024"]
[Site "Chess.com"]
[Date "2024.02.27"]
[Round "1"]
[White "Chessdreamer2001"]
[Black "MetiForce"]
[Result "0-1"]
[WhiteElo "2501"]
[BlackElo "2898"]
[TimeControl "180+1"]
[EndTime "8:06:12 PST"]
[Termination "MetiForce won on time"]

1. e4 c6 2. d4 d5 3. e5 c5 4. dxc5 Nc6 5. Nf3 e6 6. Be3 Nge7 7. Bb5 Nf5 8. Bd4 Be7 9. c3 O-O 10. O-O Bd7 11. a4 a6 12. Bd3 Nfxd4 13. cxd4 f6 14. exf6 Bxf6 15. Nc3 Qe8 16. Ne2 e5 17. dxe5 Nxe5 18.
Nxe5 Bxe5 19. Qc2 Qh5 20. f4 Bf6 21. Ng3 Qh4 22. Kh1 Rae8 23. Bf5 Bc6 24. Rad1 g6 25. Bd3 Re3 26. Qf2 d4 27. b4 Be5 28. Qa2+ Kg7 29. fxe5 Rxg3 30. Rd2 Rxd3 0-1

[Event "Early-Titled-Tuesday-Blitz-February-27-2024"]
[Site "Chess.com"]
[Date "2024.02.27"]
[Round "1"]
[White "JonSnowNW1"]
[Black "jcibarra"]
[Result "0-1"]
[WhiteElo "2515"]
[BlackElo "2951"]
[TimeControl "180+1"]
[EndTime "8:06:14 PST"]
[Termination "jcibarra won by resignation"]

1. c4 e5 2. Nc3 Nc6 3. g3 Bc5 4. Bg2 d6 5. e3 a6 6. Nge2 Ba7 7. d4 exd4 8. Nxd4 Nge7 9. O-O O-O 10. b3 Nxd4 11. exd4 Nf5 12. Ne2 Re8 13. Bb2 c6 14. Nf4 Qf6 15. Nh5 Qg5 16. d5 c5 17. h4 Qh6 18.
Nf4 Nd4 19. Bxd4 cxd4 20. Qd3 Qf6 21. Rfe1 Bf5 22. Qd2 d3 23. Rxe8+ Rxe8 24. Re1 Rxe1+ 25. Qxe1 g6 26. h5 Kg7 27. Qd2 Qa1+ 28. Kh2 Qd4 29. h6+ Kf6 30. Kg1 g5 31. Nh5+ Kg6 32. Ng7 Bg4 33.
Bf1 Be2 34. Bxe2 Qxf2+ 0-1

[Event "Early-Titled-Tuesday-Blitz-February-27-2024"]
[Site "Chess.com"]
[Date "2024.02.27"]
[Round "1"]
[White "Schachmalanders"]
[Black "ilqar_74"]
[Result "0-1"]
[WhiteElo "2467"]
[BlackElo "2833"]
[TimeControl "180+1"]
[EndTime "8:06:14 PST"]
[Termination "ilqar_74 won by resignation"]

1. e4 c5 2. Nc3 d6 3. g3 g6 4. Bg2 Bg7 5. Nge2 Nc6 6. d3 e6 7. Be3 Nge7 8. Qd2 Nd4 9. O-O-O h5 10. Kb1 Rb8 11. f4 b5 12. e5 Nef5 13. exd6 Nxe3 14.
Qxe3 Qxd6 15. Ne4 Qe7 16. h3 Bb7 17. g4 b4 18. Qf2 Nb5 19. Rhg1 hxg4 20. hxg4 c4 21.
dxc4 Na3+ 22. bxa3 Bxe4 23. Bxe4 bxa3+ 24. Kc1 Qb4 25. Rd4 Bxd4 26. Nxd4 Qb2+ 27. Kd2 Rd8 28. Bd3 Qxd4 29. f5 Qxf2+ 0-1

[Event "Early-Titled-Tuesday-Blitz-February-27-2024"]
[Site "Chess.com"]
[Date "2024.02.27"]
[Round "1"]
[White "Truequitos"]
[Black "Chemim21"]
[Result "1-0"]
[WhiteElo "2588"]
[BlackElo "2204"]
[TimeControl "180+1"]
[EndTime "8:06:16 PST"]
[Termination "Truequitos won on time"]

1. d4 d5 2. Bf4 c6 3. e3 Bf5 4. c4 Bxb1 5. Rxb1 Qa5+ 6. b4 Qxa2 7.
Nf3 e6 8. c5 a5 9. b5 cxb5 10. Bxb8 Rxb8 11. Bxb5+ Ke7 12. O-O Nf6 13. Qd3 Ne4 14. Ne5 f6 15. Nd7 Rd8 16. Ra1 Qd2 17. Qa3 Kf7 18. Qxa5 Qxa5 19. Rxa5 Nc3 20. Nb6 e5 21.
Rc1 exd4 22. exd4 Nxb5 23. Rxb5 Kg6 24. Na4 1-0

[Event "Early-Titled-Tuesday-Blitz-February-27-2024"]
[Site "Chess.com"]
[Date "2024.02.27"]
[Round "1"]
[White "NovakCabarkapa"]
[Black "NastyaHn"]
[Result "1-0"]
[WhiteElo "2818"]
[BlackElo "2456"]
[TimeControl "180+1"]
[EndTime "8:06:17 PST"]
[Termination "NovakCabarkapa won by resignation"]

1. d4 e6 2. Nc3 d5 3. Bf4 Bb4 4. e3 Nf6 5. Ne2 c5 6. a3 Bxc3+ 7. Nxc3 O-O 8. dxc5 Nc6 9. b4 Re8 10. Be2 h6 11. O-O e5 12. Bg3 Bf5 13. Nb5 Ne4 14. Bd3 Nxg3 15. hxg3 Bxd3 16. cxd3 Re6 17. Nd6 b6 18. d4 exd4 19. exd4 Qf6 20. Nb5 Re7 21. Qb3 Rd8 22. Rad1 bxc5 23. dxc5 d4 24. Nd6 Rdd7 25.
Rfe1 Ne5 26. Qd5 Ng4 27. Qa8+ Kh7 28. Qf3 Qg6 29. Rxe7 Rxe7 30. Qf5 d3 31. Qxg6+ fxg6 32. f3 d2 33. Ne4 Ne3 34. Rxd2 Nc4 35. Rd3 Rc7 36.
Rc3 Ne5 37. b5 Rb7 38. a4 Rc7 39. a5 1-0

[Event "Early-Titled-Tuesday-Blitz-February-27-2024"]
[Site "Chess.com"]
[Date "2024.02.27"]
[Round "1"]
[White "Chesstiger64"]
[Black "karinachess1"]
[Result "1/2-1/2"]
[WhiteElo "2334"]
[BlackElo "2637"]
[TimeControl "180+1"]
[EndTime "8:06:17 PST"]
[Termination "Game drawn by repetition"]

1. d4 Nf6 2. Nf3 e6 3. e3 d5 4.
Nbd2 Be7 5. Bd3 b6 6. Qe2 O-O 7. e4 dxe4 8. Nxe4 Nbd7 9. O-O Bb7 10. Bf4 c5 11. dxc5 Nxc5 12. Nxc5 Bxc5 13. Rad1 Qe7 14. Bg5 h6 15. Bh4 Rad8 16. Ne5 g5 17. Bg3 Nd5 18. Qh5 Kg7 19. c4 Nf6 20. Qe2 Bd4 21.
b3 Qc5 22. Kh1 h5 23. f4 g4 24. f5 h4 25. Nxg4 hxg3 26. Nxf6 Bxf6 27. Qg4+ Kh8 28. Qh3+ Kg7 29. Qg4+ Kh8 30. Qh3+ Kg8 31. Qg4+ Kh8 1/2-1/2

[Event "Early-Titled-Tuesday-Blitz-February-27-2024"]
[Site "Chess.com"]
[Date "2024.02.27"]
[Round "1"]
[White "RamyresCoelho"]
[Black "doctorcristian"]
[Result "1-0"]
[WhiteElo "2275"]
[BlackElo "2592"]
[TimeControl "180+1"]
[EndTime "8:06:17 PST"]
[Termination "RamyresCoelho won by checkmate"]

1. e4 c6 2. d4 d5 3. Nc3 dxe4 4.
Nxe4 Nf6 5. Nxf6+ gxf6 6. Nf3 Bg4 7. Be3 Qb6 8. b3 e5 9. dxe5 Bb4+ 10. Bd2 Bxd2+ 11. Qxd2 Bxf3 12. gxf3 fxe5 13. Bc4 Nd7 14.
Bxf7+ Ke7 15. O-O-O Rad8 16. Bc4 Nf6 17. Qg5 Rd5 18. Bxd5 cxd5 19. Rxd5 Rg8 20. Rxe5+ Kd8 21. Rd1+ Kc8 22. Rc5+ Kb8 23. Qe5+ Ka8 24. Qc7 Qe6 25.
Rd8+ Rxd8 26. Qxd8+ Qc8 27. Rxc8# 1-0

[Event "Early-Titled-Tuesday-Blitz-February-27-2024"]
[Site "Chess.com"]
[Date "2024.02.27"]
[Round "1"]
[White "AsaHoffmann"]
[Black "kleinebeer98"]
[Result "0-1"]
[WhiteElo "2486"]
[BlackElo "2871"]
[TimeControl "180+1"]
[EndTime "8:06:20 PST"]
[Termination "kleinebeer98 won by resignation"]

1. d4 Nf6 2. Bg5 g6 3. Nc3 Bg7 4. e4 d6 5. f3 c6 6. Qd2 h6 7. Be3 Nbd7 8. a4 a6 9. Nh3 Rb8 10. a5 b5 11. axb6 Qxb6 12. b3 c5 13. dxc5 Nxc5 14.
Nf2 Qb4 15. Nfd1 O-O 16. Bc4 Nfxe4 17. fxe4 Nxe4 18. Nxe4 Bxa1 19. Qxb4 Rxb4 20. O-O Bf5 21. Rxf5 gxf5 22. Ng3 e6 23. Bxh6 Rc8 24. Bd2 Rbxc4 25. bxc4 Rxc4 26. c3 a5 27. Nf1 f4 28. g3 e5 29. gxf4 exf4 30. Kf2 a4 31. Ke2 a3 32. Kd3 a2 33. Kxc4 Bb2 34. Nxb2 a1=Q 35. Nd3 Qxf1 36. Bxf4 d5+ 37. Kd4 Qf3 38. Bg3 Qe4+ 39. Kc5 Qxd3 0-1

[Event "Early-Titled-Tuesday-Blitz-February-27-2024"]
[Site "Chess.com"]
[Date "2024.02.27"]
[Round "1"]
[White "Heinza9"]
[Black "edgarhay012"]
[Result "0-1"]
[WhiteElo "2316"]
[BlackElo "2639"]
[TimeControl "180+1"]
[EndTime "8:06:20 PST"]
[Termination "edgarhay012 won by resignation"]

1. e4 c5 2. Nf3 e6 3. b3 d5 4. exd5 exd5 5. Bb5+ Nc6 6. O-O Nf6 7. d4 Be7 8. dxc5 O-O 9. Bxc6 bxc6 10. b4 a5 11. c3 Ne4 12. Bb2 Bf6 13. a3 axb4 14. axb4 Rxa1 15.
Bxa1 Bg4 16. h3 Bh5 17. g4 Bg6 18. Nd4 Qc7 19. f4 Re8 20. Qf3 h5 21. f5 Bh7 22.
Bb2 Ra8 23. Na3 Nd2 24. Qf4 Qxf4 25. Rxf4 Bg5 26. Ne2 Re8 27. Rf2 Be3 28. Nc2 Bxf2+ 29. Kxf2 Ne4+ 30. Kf1 hxg4 31. hxg4 Nf6 32. g5 Ng4 33.
Ng3 Ne5 34. Nd4 Ra8 35. Bc1 Ra1 36. Nde2 Nd3 0-1

[Event "Early-Titled-Tuesday-Blitz-February-27-2024"]
[Site "Chess.com"]
[Date "2024.02.27"]
[Round "1"]
[White "inagreV"]
[Black "hamelekh"]
[Result "0-1"]
[WhiteElo "2403"]
[BlackElo "2711"]
[TimeControl "180+1"]
[EndTime "8:06:21 PST"]
[Termination "hamelekh won by resignation"]

1. e4 c5 2. Nf3 d6 3. Bb5+ Nd7 4. d4 cxd4 5. Qxd4 e5 6. Qe3 Nf6 7. O-O a6 8. Be2 Qb6 9. Qxb6 Nxb6 10. Nc3 Bg4 11.
Bg5 Be7 12. Bxf6 Bxf6 13. Rfd1 Be7 14. Kf1 Rc8 15. Rac1 O-O 16. Rd3 Be6 17. b3 Rc7 18.
Nd1 Nd7 19. Ne3 Nc5 20. Rc3 Rfc8 21. Nd2 Bg5 22. Rd1 b5 23. a3 g6 24. g3 f5 25.
exf5 gxf5 26. h4 Bf6 27. Nf3 Ne4 28. Rxc7 Rxc7 29. c4 Nc3 30. Rc1 Nxe2 31. Kxe2 f4 32. gxf4 exf4 33. Ng2 Bg4 34. Rg1 Kf7 35. Nxf4 Re7+ 36.
Kd3 Bxf3 37. cxb5 axb5 38. a4 bxa4 39. bxa4 Re4 40. Nh3 Rxa4 41. Ng5+ Bxg5 42. hxg5 Bh5 43. Ke3 Ke6 44. f4 Kf5 45. Rf1 d5 46. Rf2 d4+ 47. Kd3 Bg6 48. Re2 Kxf4+ 49. Kd2 Ra2+ 0-1

[Event "Early-Titled-Tuesday-Blitz-February-27-2024"]
[Site "Chess.com"]
[Date "2024.02.27"]
[Round "1"]
[White "platy3"]
[Black "Barmen_EV"]
[Result "1-0"]
[WhiteElo "2944"]
[BlackElo "2514"]
[TimeControl "180+1"]
[EndTime "8:06:22 PST"]
[Termination "platy3 won by resignation"]

1. e4 c5 2. Nf3 Nc6 3. d4 cxd4 4. Nxd4 e5 5. Nb5 d6 6. N1c3 a6 7. Na3 Be6 8. Be3 Rb8 9. Nd5 b5 10. c3 Nf6 11. Nxf6+ Qxf6 12. Nc2 Be7 13. Be2 O-O 14. O-O Rfd8 15. Bf3 Qg6 16. Qd2 Na5 17. b3 d5 18.
exd5 e4 19. Be2 Rxd5 20. Bd4 Bh3 21. Ne3 Bg5 22. f4 exf3 23. Bxf3 Rdd8 24. Kh1 Be6 25. Qf2 b4 26. Rae1 bxc3 27. Bxc3 Nb7 28. Ng4 Nc5 29. Qxc5 Rbc8 30. Qa5 Qd3 31. Qxg5 Qxc3 32. Rxe6 fxe6 33. Nh6+ Kh8 34. Nf7+ Kg8 35. Nxd8 Rxd8 36. Qxd8+ 1-0

[Event "Early-Titled-Tuesday-Blitz-February-27-2024"]
[Site "Chess.com"]
[Date "2024.02.27"]
[Round "1"]
[White "ElDivis"]
[Black "Abund"]
[Result "0-1"]
[WhiteElo "2424"]
[BlackElo "2745"]
[TimeControl "180+1"]
[EndTime "8:06:22 PST"]
[Termination "Abund won by resignation"]

1. e4 c6 2. Nf3 d5 3. e5 c5 4.
c4 d4 5. d3 Nc6 6. Bf4 Bf5 7.
Nbd2 e6 8. Be2 Nge7 9. h3 Ng6 10. Bh2 h5 11. O-O Qc7 12. Re1 Ngxe5 13. Nxe5 Nxe5 14. Nf3 Bd6 15. Nxe5 Bxe5 16. Bxe5 Qxe5 17. Bxh5 Qd6 18. Bf3 O-O 19. Be4 Qf4 20. Qc1 Qxc1 21. Raxc1 Bxe4 22. Rxe4 Rfe8 23. b4 cxb4 24. Rb1 a5 25. a3 bxa3 26.
Rxb7 a2 27. Re1 Reb8 0-1

[Event "Early-Titled-Tuesday-Blitz-February-27-2024"]
[Site "Chess.com"]
[Date "2024.02.27"]
[Round "1"]
[White "novocane"]
[Black "Semen16"]
[Result "0-1"]
[WhiteElo "2404"]
[BlackElo "2723"]
[TimeControl "180+1"]
[EndTime "8:06:23 PST"]
[Termination "Semen16 won on time"]

1. d4 d5 2. c4 e6 3. Nc3 Nf6 4.
cxd5 exd5 5. Bg5 c6 6. Qc2 Be7 7. e3 Nbd7 8. Bd3 Nf8 9. Nf3 Ne6 10. Bxf6 Bxf6 11. O-O g6 12. b4 O-O 13. b5 c5 14.
dxc5 Nxc5 15. Rac1 Bg4 16. Nd4 Rc8 17. Be2 Bxe2 18. Ncxe2 Qd7 19. Rfd1 Bg7 20. a4 Rfd8 21. Qa2 Ne4 22. Nf3 Rxc1 23. Rxc1 Qd6 24. h3 Qb4 25. Rd1 Qc5 26. Qb1 h6 27. Rc1 Qa3 28. Qc2 Re8 29.
Ned4 h5 30. Rd1 Bh6 31. Ne2 Bxe3 32. fxe3 Qxe3+ 33. Kh2 Nf2 34. Re1 Nd3 0-1

[Event "Early-Titled-Tuesday-Blitz-February-27-2024"]
[Site "Chess.com"]
[Date "2024.02.27"]
[Round "1"]
[White "Happy1712Drummer"]
[Black "ArtemDyachuk"]
[Result "0-1"]
[WhiteElo "2399"]
[BlackElo "2704"]
[TimeControl "180+1"]
[EndTime "8:06:23 PST"]
[Termination "ArtemDyachuk won by resignation"]

1. e4 c5 2. Nf3 d6 3. d4 cxd4 4. Nxd4 Nf6 5. Nc3 a6 6. Bc4 e6 7. Bb3 Be7 8. O-O O-O 9. f4 Nbd7 10. f5 Nc5 11. Qe2 Qc7 12. Bg5 Bd7 13. Rad1 b5 14. fxe6 fxe6 15. Nf5 Rae8 16. Nxe7+ Rxe7 17. Bxf6 gxf6 18. Qg4+ Rg7 19. Qh4 b4 20. Ne2 Bb5 21. Rde1 Qe7 22. Rf3 a5 23. a3 a4 24. axb4 axb3 25. bxc5 bxc2 26. cxd6 Qa7+ 27. Kh1 Bxe2 28. Rxf6 Rxf6 29. Qxf6 Qf7 30. Qd8+ Qf8 31. Qa5 Bf3 32. Qd2 Bxg2+ 33. Qxg2 Rxg2 34. Kxg2 Qxd6 35. e5 Qd2+ 0-1

[Event "Early-Titled-Tuesday-Blitz-February-27-2024"]
[Site "Chess.com"]
[Date "2024.02.27"]
[Round "1"]
[White "AttackSparrow"]
[Black "jimmy-schlumpf"]
[Result "1-0"]
[WhiteElo "2638"]
[BlackElo "2316"]
[TimeControl "180+1"]
[EndTime "8:06:24 PST"]
[Termination "AttackSparrow won on time"]

1. Nf3 Nf6 2. b3 g6 3. Bb2 Bg7 4. g3 O-O 5. Bg2 d5 6. O-O c6 7. c4 a5 8. a3 Bg4 9. d3 Bxf3 10. Bxf3 e6 11. Qc2 Nbd7 12. e3 Ne8 13. Bxg7 Nxg7 14. Nc3 Ne5 15. Be2 d4 16. Nd1 c5 17. e4 Nc6 18. f4 e5 19. f5 f6 20. fxg6 hxg6 21. Bg4 f5 22. exf5 gxf5 23. Bf3 Qg5 24. Bd5+ Kh8 25.
Qc1 Qxc1 26. Rxc1 Rae8 27. Nf2 Kh7 28. g4 fxg4 29. Nxg4 Kg6 30. h4 Nh5 31. Be4+ Kg7 32. Kh2 Rxf1 33. Rxf1 Re7 34. Rf5 Nf4 35. Bxc6 bxc6 36.
Nxe5 1-0

[Event "Early-Titled-Tuesday-Blitz-February-27-2024"]
[Site "Chess.com"]
[Date "2024.02.27"]
[Round "1"]
[White "SaqoChess_Twitch"]
[Black "kidagent"]
[Result "1/2-1/2"]
[WhiteElo "2623"]
[BlackElo "2311"]
[TimeControl "180+1"]
[EndTime "8:06:27 PST"]
[Termination "Game drawn by repetition"]

1. d4 d5 2. c4 c6 3. Nc3 e6 4. e3 Nf6 5. Nf3 Nbd7 6. Bd3 dxc4 7. Bxc4 b5 8. Bd3 Be7 9. e4 b4 10. Na4 Qa5 11. O-O O-O 12. e5 Nd5 13. h4 Rd8 14.
Bg5 Nf8 15. Bxe7 Nxe7 16. b3 Ba6 17. Bxa6 Qxa6 18. Qd2 Qb5 19. Rac1 Rd5 20. Qe3 Rad8 21. g4 a5 22. Rfd1 Nfg6 23. h5 Nf8 24. Rc5 Rxc5 25. Nxc5 Qxc5 26. dxc5 Rxd1+ 27. Kh2 Nd5 28. Qe2 Ra1 29.
Nd4 Nc3 30. Qf3 Rxa2 31. Nxc6 Nd7 32. Ne7+ Kf8 33. Qb7 Nxc5 34. Qa7 Rxf2+ 35. Kg1 Nd3 36. Nc6 Ne2+ 37. Kh1 Rf1+ 38. Kh2 Rf2+ 39. Kh1 Ng3+ 40. Kg1 Ne2+ 41. Kh1 1/2-1/2

[Event "Early-Titled-Tuesday-Blitz-February-27-2024"]
[Site "Chess.com"]
[Date "2024.02.27"]
[Round "1"]
[White "tarno17"]
[Black "ChessRespected"]
[Result "0-1"]
[WhiteElo "2155"]
[BlackElo "2572"]
[TimeControl "180+1"]
[EndTime "8:06:28 PST"]
[Termination "ChessRespected won by resignation"]

1. e4 e5 2. Nf3 Nc6 3. Bb5 a6 4. Ba4 b5 5. Bb3 Nf6 6. O-O Bc5 7. c3 d6 8. d4 Bb6 9. h3 h6 10. Re1 O-O 11. Nbd2 exd4 12. c4 Na5 13. cxb5 axb5 14.
Bc2 Bb7 15. b4 Nc6 16. Nb3 Nxb4 17. Nbxd4 Nxc2 18. Nxc2 Re8 19. Bb2 Nxe4 20. Ncd4 Qd7 21. Qd3 Nc5 22. Qxb5 Rxe1+ 23. Rxe1 Qxb5 24. Nxb5 Bxf3 25. gxf3 Nd3 26. Re2 Rxa2 27. Re8+ Kh7 28. Bd4 Bxd4 29. Nxd4 Nxf2 30. Re7 Nxh3+ 31. Kf1 Ng5 32. Rxc7 Rd2 33. Rc4 d5 34. Ra4 h5 35. Ke1 Rxd4 36. Ra5 Nxf3+ 37.
Ke2 Ne5 38. Ke3 Nc4+ 0-1

[Event "Early-Titled-Tuesday-Blitz-February-27-2024"]
[Site "Chess.com"]
[Date "2024.02.27"]
[Round "1"]
[White "xamax2000"]
[Black "picturesquecheck"]
[Result "1-0"]
[WhiteElo "2840"]
[BlackElo "2476"]
[TimeControl "180+1"]
[EndTime "8:06:29 PST"]
[Termination "xamax2000 won by resignation"]

1. Nf3 Nf6 2. g3 g6 3. Bg2 Bg7 4. c4 O-O 5. Nc3 d6 6. d4 Nc6 7. O-O Bg4 8. Be3 Nd7 9. d5 Bxf3 10. exf3 Nce5 11. Qe2 Nb6 12. b3 Nexc4 13. bxc4 Bxc3 14.
Rac1 Bg7 15. f4 Qd7 16. Rfe1 Rfe8 17. h4 h5 18. Kh2 Qa4 19. c5 dxc5 20. Rxc5 Rad8 21.
Rec1 Na8 22. f5 Qd7 23. fxg6 fxg6 24. Bh3 Qd6 25. Be6+ Kh7 26. Bf4 Qa6 27. Qxa6 bxa6 28. Ra5 Rf8 29. Kg2 Rxf4 30. gxf4 Rf8 31. Rxa6 Rxf4 32.
Rxa7 Nb6 33. Rcxc7 1-0

[Event "Early-Titled-Tuesday-Blitz-February-27-2024"]
[Site "Chess.com"]
[Date "2024.02.27"]
[Round "1"]
[White "wild3000"]
[Black "Evgeny81"]
[Result "0-1"]
[WhiteElo "2434"]
[BlackElo "2761"]
[TimeControl "180+1"]
[EndTime "8:06:30 PST"]
[Termination "Evgeny81 won by resignation"]

1. d4 Nf6 2. Nf3 c5 3. e3 g6 4. Be2 Bg7 5. O-O cxd4 6. exd4 d5 7. c3 O-O 8. Nbd2 Nc6 9. Re1 Bf5 10. Nb3 Ne4 11. Bf4 Rc8 12. h3 Kh8 13. Nh4 Bd7 14. Bd3 e5 15. Bg3 Nxg3 16. fxg3 e4 17. Bxe4 dxe4 18. Rxe4 Be6 19. Nf3 Bd5 20. Re1 Re8 21.
Qd3 Qd6 22. Ng5 h6 23. Ne4 Bxe4 24. Rxe4 Rxe4 25. Qxe4 Qxg3 26. Rf1 Rf8 27. Nc5 Qc7 28. Qd5 Nd8 29. Nd7 Re8 30. Nc5 Qc6 31. Qxc6 bxc6 32. Kf2 Re7 33. b4 Kg8 34. a4 Nb7 35. Nd3 Nd6 36. Rc1 Nc4 37. b5 cxb5 38. axb5 h5 39.
Ra1 Re3 40. Ra4 Rxd3 41. Rxc4 Rxc3 42. Ra4 Rb3 43. Rxa7 Bxd4+ 0-1

[Event "Early-Titled-Tuesday-Blitz-February-27-2024"]
[Site "Chess.com"]
[Date "2024.02.27"]
[Round "1"]
[White "oneshot007"]
[Black "Pliukha_Mikhail"]
[Result "0-1"]
[WhiteElo "2433"]
[BlackElo "2758"]
[TimeControl "180+1"]
[EndTime "8:06:32 PST"]
[Termination "Pliukha_Mikhail won by checkmate"]

1. e4 d5 2. exd5 Qxd5 3. Nc3 Qe5+ 4. Qe2 Qxe2+ 5. Bxe2 Nf6 6. Nf3 Bf5 7. Nb5 Na6 8.
Nbd4 Bd7 9. Bxa6 bxa6 10. b3 e6 11. Bb2 Bc5 12. Ne5 O-O 13. Nxd7 Nxd7 14. O-O Nb6 15. c4 Rfd8 16. Nf3 Rd3 17. Bc3 f6 18. Rfe1 Kf7 19. Re4 Rad8 20. Rae1 Re8 21. R1e2 Nc8 22. Ne1 Rd7 23. d4 f5 24. Rh4 Be7 25. Rxh7 Bf6 26.
Nf3 Nd6 27. Ne5+ Bxe5 28. Rxe5 Ne4 29. Bb2 c5 30. d5 Nf6 31. Rh3 exd5 32. Rxe8 Nxe8 33.
Rd3 d4 34. Kf1 Nf6 35. f3 Re7 36. Ba3 Nd7 37. Kf2 f4 38. b4 Ne5 39. Rb3 Nxc4 40.
bxc5 Re3 41. c6 d3 42. c7 Re2+ 43.
Kf1 Nd2+ 44. Kg1 Re1+ 45. Kf2 Rf1# 0-1

[Event "Early-Titled-Tuesday-Blitz-February-27-2024"]
[Site "Chess.com"]
[Date "2024.02.27"]
[Round "1"]
[White "ljuks68"]
[Black "Suleyman_Chess06"]
[Result "0-1"]
[WhiteElo "2410"]
[BlackElo "2721"]
[TimeControl "180+1"]
[EndTime "8:06:32 PST"]
[Termination "Suleyman_Chess06 won by resignation"]

1. e4 e6 2. d4 d5 3. Nc3 Nf6 4. Bg5 Be7 5. e5 Nfd7 6. h4 h6 7. Bxe7 Qxe7 8. Nb5 Qd8 9. c3 a6 10. Na3 c5 11. Nc2 Nc6 12. Nf3 b5 13. h5 Qb6 14. Be2 a5 15. Rh4 Ba6 16. Rg4 Rg8 17.
Bd3 b4 18. Bh7 Rh8 19. Bd3 c4 20. Be2 Rg8 21. Nh4 O-O-O 22. f4 Ne7 23. Ne3 Kc7 24.
f5 Nxe5 25. Rf4 Nd7 26. fxe6 fxe6 27. Rf7 Qd6 28. Kd2 Rdf8 29. Rxf8 Rxf8 30. Qa4 Nc6 31.
Rf1 Rxf1 32. Bxf1 Qg3 33. Nf3 Nf6 34. cxb4 Ne4+ 35. Kd1 Qf2 36. b5 Bxb5 37. Qxb5 Qxe3 0-1

[Event "Early-Titled-Tuesday-Blitz-February-27-2024"]
[Site "Chess.com"]
[Date "2024.02.27"]
[Round "1"]
[White "Rdeux42"]
[Black "Yan_Dyomin2010"]
[Result "0-1"]
[WhiteElo "2431"]
[BlackElo "2755"]
[TimeControl "180+1"]
[EndTime "8:06:33 PST"]
[Termination "Yan_Dyomin2010 won by resignation"]

1. e4 c5 2. Nf3 Nc6 3. Bb5 Nf6 4. e5 Nd5 5. Nc3 Nc7 6. Bxc6 dxc6 7. h3 h6 8. d3 g5 9. Be3 b6 10. a4 Bf5 11. a5 Ne6 12. g4 Bg6 13. h4 Bg7 14. hxg5 hxg5 15. Rxh8+ Bxh8 16. Nxg5 Nxg5 17. Bxg5 Bxe5 18.
f4 Bxc3+ 19. bxc3 f6 20. Bh4 Qd5 21. axb6 Qh1+ 22. Kd2 Qxh4 23. Rxa7 Qf2+ 24. Kc1 Qxf4+ 25. Kb2 Qb8 26. Rxa8 Qxa8 27. Qh1 Kf7 28. Qb1 Qb7 29. Kc1 Kg7 30. c4 Bf7 31. Qb2 Kg6 32. Kd2 Be6 33.
c3 Bxg4 34. d4 cxd4 35. cxd4 Be6 36. c5 Bc8 37. Qc2+ f5 38. Qd1 Qa6 39. Qg1+ Kf7 40. Qe3 Qa2+ 41. Ke1 Qb1+ 42. Kf2 Qc2+ 43. Kg3 Qe4 44. Qxe4 fxe4 45. Kf4 Ke6 46. Kxe4 Ba6 47. d5+ cxd5+ 48. Kd4 Bb7 0-1

[Event "Early-Titled-Tuesday-Blitz-February-27-2024"]
[Site "Chess.com"]
[Date "2024.02.27"]
[Round "1"]
[White "djano"]
[Black "Charodej1"]
[Result "1-0"]
[WhiteElo "2632"]
[BlackElo "2308"]
[TimeControl "180+1"]
[EndTime "8:06:34 PST"]
[Termination "djano won by resignation"]

1. e4 e5 2. Nf3 Nc6 3. d4 exd4 4.
Bc4 Nf6 5. Ng5 Ne5 6. Bb3 h6 7. f4 hxg5 8. fxe5 Nxe4 9. Bd5 Bb4+ 10. c3 dxc3 11. Bxf7+ Kxf7 12. Qb3+ d5 13. exd6+ Be6 14. Qxb4 Nf6 15. Nxc3 Qxd6 16. Qxd6 cxd6 17. Bxg5 Rh5 18. Bf4 d5 19. O-O Kg8 20. Rfe1 Re8 21. Be5 Bf7 22.
Bxf6 gxf6 23. Rxe8+ Bxe8 24. Rd1 Bc6 25. Rd4 Re5 26. Kf2 Rf5+ 27. Ke3 Re5+ 28. Kd2 Kf7 29.
h4 f5 30. g3 Kg6 31. Ne2 Kf6 32. Nf4 a6 33. a3 b5 34. Rd3 Bb7 35. Rc3 d4 36. Rc7 Be4 37. Rd7 Rc5 38. Rxd4 Bd3 39. Nxd3 1-0

[Event "Early-Titled-Tuesday-Blitz-February-27-2024"]
[Site "Chess.com"]
[Date "2024.02.27"]
[Round "1"]
[White "orkinyo12345"]
[Black "klimkoj"]
[Result "1-0"]
[WhiteElo "2486"]
[BlackElo "2821"]
[TimeControl "180+1"]
[EndTime "8:06:35 PST"]
[Termination "orkinyo12345 won by resignation"]

1. d4 Nf6 2. c4 g6 3. g3 c5 4. d5 e6 5. Nc3 exd5 6. cxd5 Bg7 7. Bg2 O-O 8. Nf3 d6 9. O-O Re8 10. Bf4 Bf5 11. Nd2 Nh5 12. e4 Nxf4 13. gxf4 Bc8 14.
Nc4 a6 15. a4 Bh6 16. Qf3 Qh4 17. Qg3 Qf6 18. f5 Bf8 19. Rad1 Kh8 20. Nb6 Ra7 21. Bh3 Bh6 22. Kh1 gxf5 23. Nxc8 Rxc8 24. Bxf5 Rg8 25. Qh3 Ra8 26. Rg1 Rxg1+ 27. Rxg1 a5 28. e5 Qxe5 29. Qxh6 1-0